 Dungeon Crawl Stone Soup version 0.30-a0-322-g102857c98e (webtiles) character file.

Game seed: 1721602457477419857

3 drewk1942 the Chiller (level 1, -1/10 HPs)
             Began as a Gargoyle Ice Elementalist on Oct 27, 2022.
             Slain by a kobold
             ... wielding a +2 vampiric short sword
              (3 damage)
             ... on level 1 of the Dungeon.
             The game lasted 00:00:24 (93 turns).

drewk1942 the Chiller (Gargoyle Ice Elementalist)     Turns: 93, Time: 00:00:25

Health: -1/10      AC:  4    Str: 11    XL:     1   Next: 50%
Magic:  0/3        EV: 11    Int: 15    God:
Gold:   0          SH:  0    Dex: 10    Spells: 3/4 levels left

rFire   + . .      SeeInvis .    c - staff of fire
rCold   . . .      Faith    .    (no shield)
rNeg    + . .      Spirit   .    a - +0 robe
rPois   ∞          Reflect  .    (no helmet)
rElec   +          Harm     .    (no cloak)
rCorr   .          Rampage  .    (no gloves)
Will    .....                    (no boots)
Stlth   ++........               (no amulet)
HPRegen 0.21/turn                (no ring)
MPRegen 0.08/turn                (no ring)

@: no status effects
A: sickness immunity, AC +2, negative energy resistance 1, electricity
resistance, torment resistance 1, petrification resistance
a: no special abilities


You were on level 1 of the Dungeon.
You visited 1 branch of the dungeon, and saw 1 of its levels.

Inventory:

Armour
 a - a +0 robe (worn)
Magical Staves
 c - a staff of fire (weapon)
Potions
 b - a potion of magic


   Skills:
 - Level 1.5 Dodging
 - Level 2.1 Stealth
 + Level 2.1 Spellcasting
 * Level 4.1 Ice Magic


You had 3 spell levels left.
You knew the following spells:

 Your Spells              Type           Power      Damage    Failure   Level
a - Freeze                Ice            52%        1d6       4%          1

Your spell library contained the following spells:

 Spells                   Type           Power      Damage    Failure   Level
 Frozen Ramparts          Ice            26%        1d4       12%         3
 Ozocubu's Armour         Ice            13%        N/A       12%         3
 Summon Ice Beast         Ice/Summ       7%         N/A       67%         4


Dungeon Overview and Level Annotations

Branches:
Dungeon (1/15)

Altars:


Innate Abilities, Weirdness & Mutations

You are immune to sickness and miasma.
Your stone body is resilient. (AC +2)
You are immune to poison.
You resist negative energy. (rN+)
You are resistant to electric shocks. (rElec)
You are resistant to unholy torment.
You are immune to petrification.


Message History

Found a scroll labelled ENLUES QASONO.
A ball python comes into view.
Found a long sword.
The ball python hisses angrily.
A kobold comes into view.
It is wielding a +2 vampiric short sword.
You freeze the endoplasm.
The endoplasm is severely wounded.
The kobold shouts!
The endoplasm barely misses you.
You freeze the endoplasm.
You kill the endoplasm!
You freeze the ball python.
You kill the ball python!
A dart slug comes into view.
The kobold hits you but does no damage.
You hit the kobold.
The kobold is moderately wounded.
The kobold barely misses you.
You hit the kobold but do no damage.
The kobold is moderately wounded.
The kobold hits you with a +2 vampiric short sword.
You closely miss the kobold.
The kobold is moderately wounded.
The kobold closely misses you. The kobold misses you.
You barely miss the kobold.
The kobold hits you with a +2 vampiric short sword.
Ouch! That really hurt!
* * * LOW HITPOINT WARNING * * *
You are too injured to fight recklessly!
A kobold is nearby!
You are too injured to fight recklessly!
Casting: Freeze (safe; 4% risk of failure)
Confirm with . or Enter, or press ? or * to list all spells.
Aiming: Freeze (safe; 4% risk of failure)
Press: ? - help, Shift-Dir - straight line, f - kobold
Aim: a kobold, wielding a +2 vampiric short sword You freeze the kobold.
The kobold is severely wounded.
The kobold hits you with a +2 vampiric short sword.
You die...

## ### ### ..##.. ..# ##
#.##.# #.# #. #.##.###.#
########.
#####......#.###........
...........#.##...#####.
#.###w............[.# #.
#)?...#......#.##...# #.
#....K@...#.###### #.
#....######.# #. #..#.#
#.# #. ....##.# #.# #.
##.# #.# #.# #.. ..# #.#
... ... #.# ### ###


You could see a dart slug and a kobold.

Vanquished Creatures
  An endoplasm (D:1)
  A giant cockroach (D:1)
  A ball python (D:1)
3 creatures vanquished.

Notes
Turn   | Place    | Note
-------+----------+-------------------------------------------
     0 | D:1      | drewk1942 the Gargoyle Ice Elementalist began the quest for
                  | the Orb.
     0 | D:1      | Reached XP level 1. HP: 10/10 MP: 3/3
    93 | D:1      | Slain by a kobold

Illustrated notes

Levels and vault maps discovered:
D:1:      wander_arrival_desolate, layout_loops_ring, minmay_tromino_i4

Action                   || total
-------------------------++-------
Melee: Unarmed           ||     5
       Staff             ||     4
 Cast: Freeze            ||     5
Armor: Robe              ||     2
Dodge: Dodged            ||     7

Table legend: (Time is in decaauts)
 A = Elapsed time spent in this place.
 B = Non-inter-level travel time spent in this place.
 C = Inter-level travel time spent in this place.
 D = Time resting spent in this place.
 E = Time spent auto-exploring this place.
 F = Levels seen in this place.
 G = Mean time per level.
                   A        B        C        D        E       F      G
               +--------+--------+--------+--------+--------+-----+--------+
         Total |     93 |     93 |      0 |      0 |     64 |   1 |   93.0 |
       Dungeon |     93 |     93 |      0 |      0 |     64 |   1 |   93.0 |
               +--------+--------+--------+--------+--------+-----+--------+

Top non-repeatable levels by time:
     D:1: 93 daAuts
